 Dungeon Crawl Stone Soup version 0.28-a0-1616-g050a50673c (webtiles) character file.

Game seed: 959795742139794561

2111 anonymouscript the Grappler (level 9, -1/83 HPs)
             Began as a Troll Fighter on Jan 23, 2022.
             Was a Follower of Ru.
             Slain by an orc warrior (12 damage)
             ... on level 8 of the Dungeon.
             The game lasted 00:27:51 (5449 turns).

anonymouscript the Grappler (Troll Fighter)         Turns: 5449, Time: 00:27:51

Health: -1/83      AC:  5    Str: 28    XL:     9   Next: 8%
Magic:  8/8        EV: 10    Int:  4    God:    Ru [*.....]
Gold:   386        SH:  8    Dex: 11    Spells: 8/8 levels left

rFire   . . .      SeeInvis .     - Unarmed
rCold   . . .      Faith    .   b - +0 kite shield
rNeg    . . .      Spirit   .   m - +1 robe {Will+}
rPois   .          Reflect  .   (helmet restricted)
rElec   .          Harm     .   (no cloak)
rCorr   .          Rampage  .   (gloves unavailable)
Will    +....                   (boots unavailable)
Stlth   ++........              x - amulet of the acrobat
HPRegen 1.03/turn               (no ring)
MPRegen 0.11/turn               (no ring)

@: mighty
A: large, unfitting armour, claws 3, regeneration 1, shaggy fur 1, tough skin 1,
hated by all
a: Renounce Religion


You were on level 8 of the Dungeon.
You worshipped Ru.
Ru was aware of your devotion.
You visited 2 branches of the dungeon, and saw 10 of its levels.
You also visited: Sewer.

You collected 386 gold pieces.

Inventory:

Hand Weapons
 r - a +2 quarterstaff of chaos
Missiles
 d - 372 stones
Armour
 a - a +0 robe
 b - a +0 kite shield (worn)
 c - a scarf of harm
 m - a +1 robe of willpower (worn)
 w - the +9 plate armour of Gimeegir {rPois Will- Dex+4 Slay+5}
   (You found it on level 8 of the Dungeon)

   Dex:       It affects your dexterity (+4).
   Slay:      It affects your accuracy & damage with ranged weapons and melee
   (+5).
   rPois:     It protects you from poison.
   Will:      It decreases your willpower.
Magical Staves
 v - a staff of death
Jewellery
 x - an amulet of the acrobat (around neck)
Wands
 t - a wand of mindburst (9) (quivered)
 A - a wand of polymorph (4)
Scrolls
 f - a scroll of brand weapon
 h - a scroll of silence
 j - 2 scrolls of vulnerability
 p - a scroll of amnesia
 y - a scroll of identify
 z - 3 scrolls of fog {unknown}
Potions
 e - 2 potions of degeneration
 g - a potion of curing
 i - a potion of heal wounds {unknown}
 k - a potion of mutation {unknown}
 l - a potion of magic {unknown}
 n - 4 potions of flight
 o - 2 potions of haste
 q - a potion of attraction
 s - a potion of brilliance {unknown}


   Skills:
 + Level 3.4 Fighting
 + Level 5.2 Dodging
 + Level 1.6 Stealth
 + Level 5.1 Shields
 + Level 8.2 Unarmed Combat
 + Level 0.1 Evocations


You had 8 spell levels left.
You didn't know any spells.
Your spell library contained the following spells:

 Spells                   Type           Power      Damage    Failure   Level
 Magic Dart               Conj           0%         1d3       77%         1
 Sandblast                Erth           0%         2d4       77%         1
 Slow                     Hex            0%         N/A       77%         1
 Ensorcelled Hibernation  Hex/Ice        0%         N/A       88%         2
 Passwall                 Tmut/Erth      0%         N/A       88%         2
 Searing Ray              Conj           0%         2d4       88%         2
 Confusing Touch          Hex            0%         N/A       98%         3
 Stone Arrow              Conj/Erth      0%         3d7       98%         3
 Swiftness                Air            0%         N/A       98%         3
 Vampiric Draining        Necr           0%         2d6       98%         3
 Fulminant Prism          Conj/Hex       0%         3d6       100%        4


Dungeon Overview and Level Annotations

Branches:
Dungeon (9/15)             Temple (1/1) D:4           Sewer (visited)
   Lair: D:8-11         Orc: D:9-12

Altars:
Ashenzari
Cheibriados
Dithmenos
Elyvilon
Fedhas
Gozag
Hepliaklqana
Kikubaaqudgha
Makhleb
Nemelex Xobeh
Okawaru
Qazlal
Ru
Sif Muna
Trog
Uskayaw
Vehumet
Wu Jian
Xom
Zin
The Shining One

Annotations:
D:5 Dowan, Menkaure


Innate Abilities, Weirdness & Mutations

You are too large for most types of armour.
You have claws for hands.
Your natural rate of healing is unusually fast.
You are covered in fur. (AC +1)
You have tough skin. (AC +1)
You are hated by all.


Message History

A white imp comes into view.
You closely miss the orc warrior. You closely miss the orc wizard.
The orc priest looks encouraged for a moment.
The orc warrior misses you. The orc wizard casts a spell at you.
The magic dart hits you.
You mangle the orc wizard!!
You kill the orc wizard!
The orc priest hits you with a +0 club.
The orc warrior hits you with a +0 long sword!
You claw the orc priest!
The orc priest is almost dead.
The orc priest mumbles some strange prayers to Beogh against you.
Beogh smites you!
The orc warrior hits you with a +0 long sword.
The orc hits you with a +0 hand axe.
You closely miss the orc priest.
The orc priest is almost dead.
The orc priest hits you but does no damage.
The orc hits you with a +0 hand axe.
The orc warrior hits you with a +0 long sword.
You mangle the orc priest!!
You kill the orc priest!
The orc warrior hits you with a +0 long sword!
The orc barely misses you.
You scratch the white imp but do no damage.
The white imp gestures at you. The puff of frost hits you!
The orc warrior hits you with a +0 long sword!
* * * LOW HITPOINT WARNING * * *
The orc misses you.
You feel better. The white imp completely misses you.
The orc warrior closely misses you. The orc closely misses you.
You feel very mighty all of a sudden. The white imp gestures at you.
The puff of frost hits you!
* * * LOW HITPOINT WARNING * * *
The orc warrior hits you with a +0 long sword!
You die...

......... ........# ......#..
......... ........# ###
#.#.......###...#
##.......5o....... ........
#@o.....# ........#####.#.##
y.# .....[.#.## ..... #.#
#........# ....## ..#
#........###....# # #.#
#.....<.........## #...#
#........##......###.#.#
...................##.))# .
.......................###y#..


You could see an orc warrior, a white imp and an orc.

Vanquished Creatures
  A gargoyle (D:9)
  Prince Ribbit (D:6)
  Duvessa (D:5)
  2 water moccasins
  An orc warrior (D:8)
  A sky beast (D:7)
  An ogre (D:4)
  2 kobold brigands
  A bullfrog (D:9)
  A wyvern skeleton (D:7)
  A howler monkey (Temple)
  A crimson imp (D:4)
  A bullfrog zombie (D:7)
  A centaur zombie (D:7)
  2 orc priests (D:8)
  2 hounds (D:7)
  Crazy Yiuf (D:4)
  A bullfrog skeleton (D:7)
  A centaur skeleton (D:7)
  2 jellies
  3 iguanas
  2 orc wizards (D:8)
  2 howler monkey zombies (D:7)
  4 gnolls (D:4)
  A howler monkey skeleton (D:7)
  5 adders
  4 river rats (Sewer)
  A white imp (D:4)
  5 worms
  2 dart slugs
  5 orcs
  9 endoplasms
  7 giant cockroaches
  13 goblins
  3 hobgoblins
  12 jackals
  11 kobolds
  10 quokkas
  5 ball pythons
  4 bats
  5 frilled lizards
  4 rats
142 creatures vanquished.

Vanquished Creatures (others)
  A kobold (D:7)
1 creature vanquished.

Grand Total: 143 creatures vanquished

Notes
Turn   | Place    | Note
-------+----------+-------------------------------------------
     0 | D:1      | anonymouscript the Troll Fighter began the quest for the
                  | Orb.
     0 | D:1      | Reached XP level 1. HP: 22/22 MP: 0/0
   137 | D:1      | Reached XP level 2. HP: 29/29 MP: 1/1
   999 | D:2      | Reached XP level 3. HP: 35/36 MP: 2/2
  1276 | D:2      | Found a shadowy altar of Dithmenos.
  1656 | D:3      | Reached XP level 4. HP: 42/44 MP: 3/3
  1674 | D:3      | Reached skill level 3 in Unarmed Combat
  2316 | D:4      | Reached XP level 5. HP: 43/52 MP: 4/4
  2439 | D:4      | Noticed an ogre
  2623 | D:4      | Found a staircase to the Ecumenical Temple.
  2636 | D:4      | Killed an ogre
  2637 | D:4      | Reached skill level 4 in Unarmed Combat
  2640 | Temple   | Entered the Ecumenical Temple
  2642 | Temple   | Reached XP level 6. HP: 10/59 MP: 5/5
  2755 | Temple   | Became a worshipper of Ru the Awakened
  3255 | D:4      | Found a runed translucent door.
  3256 | D:4      | Noticed Crazy Yiuf
  3266 | D:4      | Killed Crazy Yiuf
  3333 | D:5      | Entered Level 5 of the Dungeon
  3364 | D:5      | Noticed Duvessa
  3396 | D:5      | Noticed Dowan
  3397 | D:5      | Killed Duvessa
  3397 | D:5      | Noticed Menkaure
  3398 | D:5      | Reached skill level 5 in Unarmed Combat
  3466 | D:6      | Reached XP level 7. HP: 60/67 MP: 6/6
  3574 | D:6      | Noticed Prince Ribbit
  3583 | D:6      | Killed Prince Ribbit
  3649 | D:6      | Found a glowing drain.
  3678 | Sewer    | Entered a sewer
  3892 | Sewer    | Reached skill level 6 in Unarmed Combat
  3940 | Sewer    | Gained mutation: You are hated by all. [Ru sacrifice]
  3940 | Sewer    | Reached * piety under Ru
  4491 | D:7      | Reached skill level 1 in Stealth
  4491 | D:7      | Reached XP level 8. HP: 39/75 MP: 7/7
  4677 | D:7      | Reached skill level 7 in Unarmed Combat
  5161 | D:8      | Identified the +9 plate armour of Gimeegir {rPois Will-
                  | Dex+4 Slay+5}
  5211 | D:8      | Noticed a hornet
  5353 | D:9      | Identified the +1 leather armour of Beastly the Leaf {-Tele
                  | Fly Will- rCorr Str+6}
  5355 | D:9      | Noticed a gargoyle
  5368 | D:9      | Killed a gargoyle
  5369 | D:9      | Reached skill level 5 in Dodging
  5369 | D:9      | Reached skill level 5 in Shields
  5369 | D:9      | Reached skill level 8 in Unarmed Combat
  5369 | D:9      | Reached XP level 9. HP: 79/83 MP: 8/8
  5449 | D:8      | Slain by an orc warrior

Illustrated notes

Levels and vault maps discovered:
D:1:      matt_arrival_spirals, layout_basic, roderic_three_in_a_row
D:2:      layout_basic, basic_altar, minmay_misc_feat_columns,
          grunt_decor_arrowhead, minmay_misc_feat_cross,
          kennysheep_decorative_pillar, minmay_three_crescents
D:3:      layout_loops_ring
D:4:      layout_gridville, minmay_temple_entry_offerings,
          minmay_fire_ice_demons, uniq_crazy_yiuf_cottage
D:5:      layout_rooms, yredelemnul_forgotten_temple_becter,
          ebering_ghost_reflecting_pool, uniq_duvessa, uniq_ijyb, uniq_menkaure
D:6:      layout_loops_corners, portal_sewer_entry_f, nicolae_grassy_gnolls,
          uniq_prince_ribbit1, uniq_maggie
D:7:      layout_loops_ring, minmay_misc_feat_alley, chequers_garden
D:8:      layout_cave_pools, erik_lair_dragon, hangedman_minor_gate_pass,
          uniq_maurice
D:9:      layout_rooms
Temple:   kilobyte_greek_temple

Skill      XL: |  1  2  3  4  5  6  7  8 |
---------------+-------------------------+-----
Shields        | 3 4 5 |  5.1
Unarmed Combat | 3 4 5 6 8 |  8.2
Dodging        | 3 4 5 |  5.2
Fighting       | 3 |  3.4
Stealth        | 1 |  1.6
Evocations     | |  0.1

Action                   |  1- 3 |  4- 6 |  7- 9 || total
-------------------------+-------+-------+-------++-------
Melee: Unarmed           |    84 |   119 |   231 ||   434
Invok: Sacrifice Love    |       |       |     1 ||     1
Evoke: Wand              |       |       |     3 ||     3
  Use: Potion            |       |     1 |     3 ||     4
       Scroll            |       |     4 |     9 ||    13
 Stab: Sleeping          |     1 |       |     3 ||     4
       Distracted        |       |       |     1 ||     1
Armor: Robe              |    19 |    48 |    72 ||   139
Dodge: Dodged            |    30 |    42 |   124 ||   196
Block: Kite shield       |    21 |    34 |    90 ||   145

Table legend: (Time is in decaauts)
 A = Elapsed time spent in this place.
 B = Non-inter-level travel time spent in this place.
 C = Inter-level travel time spent in this place.
 D = Time resting spent in this place.
 E = Time spent auto-exploring this place.
 F = Levels seen in this place.
 G = Mean time per level.
                   A        B        C        D        E       F      G
               +--------+--------+--------+--------+--------+-----+--------+
         Total |   5641 |   5476 |    165 |     90 |   3689 |  11 |  512.8 |
       Dungeon |   4602 |   4437 |    165 |     62 |   3159 |   9 |  511.3 |
        Temple |    217 |    217 |      0 |     28 |    152 |   1 |  217.0 |
         Sewer |    821 |    821 |      0 |      0 |    377 |   1 |  821.0 |
               +--------+--------+--------+--------+--------+-----+--------+

Top non-repeatable levels by time:
     D:4: 956 daAuts
   Sewer: 821 daAuts
     D:2: 812 daAuts
     D:7: 794 daAuts
     D:1: 793 daAuts
     D:3: 606 daAuts
     D:6: 292 daAuts
  Temple: 217 daAuts
     D:9: 189 daAuts
     D:8: 105 daAuts
     D:5: 53 daAuts
